AoeStats
← Tamor

Black Forest

510382450Analyzed
4v4 RM · 1d ago on Sep 30, 2026· 92m 41s· 8 players
Game mode
Random Map
Map size
Large (8 player)
Population
200
Speed
Normal
Resources
Standard
Victory
Conquest
Starting age
Dark Age
Ending age
Imperial Age
RankedLock teamsTeams togetherTeam positionsShared explorationLock speedFull tech treeHidden civsTurbo modeCheats
Victory
Defeat
🇮🇱 Hindustanis · Israel
860
+13
🇺🇸 Huns · United States
815
+14
🇮🇹 Burgundians · Italy
808
+15
🇷🇺 Vietnamese · Russia
773
+16
🇹🇷 Burgundians · Türkiye
793
-15
🇧🇷 Britons · Brazil
792
-15
🇹🇷 Bohemians · Türkiye
780
-14
🇹🇷 Khmer · Türkiye
757
-14
themoist_hoist2
0:50 Loom
16:37 Feudal Age
25:34 Castle Age
24:18 Horse Collar
24:27 Double-Bit Axe
25:11 Stone Mining
27:22 Wheelbarrow
32:19 Bow Saw
32:12 Heavy Plow
33:08 Hand Cart
32:55 Town Watch
34:51 Town Patrol
45:06 Marauders
47:46 Imperial Age
45:55 Husbandry
46:06 Bloodlines
46:04 Caravan
46:28 Scale Barding Armor
46:34 Forging
49:50 Iron Casting
51:22 Chain Barding Armor
52:48 Gold Mining
54:59 Blast Furnace
54:24 Conscription
54:25 Atheism
55:05 Gold Shaft Mining
59:28 Elite Tarkan
62:49 Plate Barding Armor
90:07 Pikeman
90:47 Squires
90:33 Arson
91:00 Scale Mail Armor
91:01 Padded Archer Armor
90:51 Fletching
Renju94
0:29 Loom
9:38 Double-Bit Axe
12:52 Feudal Age
11:14 Gold Mining
11:18 Horse Collar
16:52 Bow Saw
20:19 Castle Age
19:16 Gold Shaft Mining
19:21 Heavy Plow
20:42 Stone Mining
22:38 Two-Man Saw
22:57 Stone Shaft Mining
26:16 Crop Rotation
27:19 Treadmill Crane
32:21 Coinage
35:07 Imperial Age
34:51 Fortified Wall
35:36 Husbandry
36:18 Wheelbarrow
35:51 Burgundian Vineyards
36:35 Caravan
38:40 Chemistry
37:36 Pikeman
39:11 Hand Cart
38:41 Halberdier
40:55 Conscription
41:35 Onager
44:16 Scale Mail Armor
45:00 Town Watch
46:07 Chain Mail Armor
46:03 Forging
45:51 Herbal Medicine
47:04 Sanctity
47:41 Plate Mail Armor
48:18 Ballistics
49:22 Cavalier
50:10 Scale Barding Armor
51:26 Paladin
52:29 Chain Barding Armor
52:44 Iron Casting
53:55 Plate Barding Armor
57:47 Masonry
57:34 Elite Coustillier
61:44 Blast Furnace
63:08 Squires
66:26 Man-at-Arms
73:34 Long Swordsman
76:30 Two-Handed Swordsman
86:53 Light Cavalry
poopinator
11:26 Feudal Age
12:00 Double-Bit Axe
12:32 Horse Collar
14:46 Wheelbarrow
20:27 Castle Age
19:46 Stone Mining
19:50 Gold Mining
19:51 Horse Collar
22:50 Hand Cart
24:04 Heavy Plow
25:18 Forging
27:24 Bow Saw
32:12 Imperial Age
32:14 Caravan
33:02 Iron Casting
32:28 Scale Mail Armor
32:39 Grand Trunk Road
33:23 Gold Shaft Mining
33:30 Stone Shaft Mining
34:38 Conscription
35:16 Husbandry
35:27 Bloodlines
36:52 Blast Furnace
36:08 Chain Mail Armor
35:59 Scale Barding Armor
35:45 Fletching
37:54 Squires
37:40 Arson
37:59 Elite Ghulam
39:22 Ballistics
40:03 Chemistry
40:03 Bodkin Arrow
42:53 Two-Man Saw
42:38 Bracer
42:59 Chain Barding Armor
42:53 Thumb Ring
48:47 Heavy Camel Rider
50:16 Plate Barding Armor
50:48 Imperial Camel Rider
64:01 Shatagni
86:06 Light Cavalry
87:00 Hussar
shprot
11:24 Feudal Age
10:15 Loom
11:50 Horse Collar
11:56 Double-Bit Axe
18:50 Castle Age
21:42 Heavy Plow
21:54 Bow Saw
21:36 Stone Mining
21:37 Gold Mining
26:00 Treadmill Crane
27:06 Wheelbarrow
27:59 Coinage
29:47 Hand Cart
30:10 Ballistics
34:16 Imperial Age
32:24 Chatras
32:58 Scale Barding Armor
33:04 Forging
34:59 Masonry
34:45 Murder Holes
35:00 Fortified Wall
35:15 Chain Barding Armor
34:56 Scale Mail Armor
36:15 Chemistry
35:39 Town Watch
36:34 Plate Barding Armor
37:49 Two-Man Saw
36:55 Squires
36:16 Pikeman
36:44 Arson
37:49 Husbandry
38:00 Bloodlines
38:30 Caravan
39:01 Banking
38:48 Elite Battle Elephant
40:25 Paper Money
41:48 Iron Casting
41:29 Chain Mail Armor
41:15 Padded Archer Armor
41:05 Fletching
41:51 Crop Rotation
44:20 Hoardings
49:32 Elite Rattan Archer
55:09 Plate Mail Armor
54:03 Onager
55:00 Leather Archer Armor
81:33 Siege Engineers
81:25 Bodkin Arrow
83:08 Elite Skirmisher
83:54 Thumb Ring
83:56 Imperial Skirmisher
86:36 Bracer
87:07 Ring Archer Armor
BURKUT
0:42 Loom
13:15 Feudal Age
13:46 Double-Bit Axe
17:52 Wheelbarrow
25:26 Castle Age
26:52 Hand Cart
26:30 Stone Mining
34:01 Gold Mining
34:46 Stone Shaft Mining
34:01 Horse Collar
34:36 Bow Saw
38:11 Imperial Age
40:50 Elite Ballista Elephant
41:31 Tusk Swords
41:32 Double Crossbow
41:45 Caravan
42:16 Coinage
43:56 Forging
43:47 Scale Mail Armor
43:52 Scale Barding Armor
43:48 Padded Archer Armor
43:39 Fletching
44:22 Banking
59:43 Iron Casting
59:24 Chain Mail Armor
59:29 Chain Barding Armor
61:50 Blast Furnace
61:14 Elite Battle Elephant
63:26 Plate Barding Armor
64:00 Arson
64:43 Pikeman
66:05 Halberdier
66:13 Light Cavalry
67:04 Bloodlines
69:30 Hussar
Tamor
15:02 Feudal Age
20:45 Castle Age
19:47 Double-Bit Axe
24:53 Gold Mining
25:18 Horse Collar
30:36 Bow Saw
31:05 Wheelbarrow
30:50 Stone Mining
31:23 Heavy Plow
33:20 Gold Shaft Mining
32:56 Fletching
33:07 Padded Archer Armor
33:34 Bodkin Arrow
34:28 Hand Cart
34:31 Crossbowman
35:07 Town Watch
35:40 Leather Archer Armor
38:30 Imperial Age
36:32 Masonry
36:37 Fortified Wall
36:38 Masonry
36:25 Murder Holes
36:11 Treadmill Crane
37:15 Loom
39:30 Bracer
40:00 Ring Archer Armor
39:55 Conscription
38:57 Elite Longbowman
40:00 Yeomen
39:42 Warwolf
42:49 Caravan
42:46 Arbalester
48:47 Ballistics
49:30 Chemistry
49:02 Architecture
48:25 Guard Tower
60:33 Hoardings
64:49 Guilds
65:09 Coinage
Policeman038625
0:36 Loom
12:09 Feudal Age
12:48 Double-Bit Axe
14:02 Horse Collar
20:34 Castle Age
20:34 Wheelbarrow
22:20 Bow Saw
22:40 Husbandry
22:45 Heavy Plow
24:28 Wheelbarrow
23:41 Town Watch
31:13 Imperial Age
29:24 Hand Cart
29:43 Arson
29:59 Squires
30:13 Bow Saw
31:34 Wagenburg Tactics
32:00 Caravan
34:25 Town Patrol
35:12 Forging
35:03 Scale Mail Armor
36:38 Chemistry
37:16 Two-Man Saw
36:52 Conscription
37:42 Houfnice
37:45 Man-at-Arms
37:46 Pikeman
40:04 Halberdier
40:05 Long Swordsman
40:07 Cavalier
41:08 Elite Hussite Wagon
51:54 Iron Casting
51:35 Chain Mail Armor
51:21 Padded Archer Armor
51:12 Fletching
51:27 Scale Barding Armor
56:48 Two-Handed Swordsman
56:50 Light Cavalry
58:42 Hussite Reforms
58:48 Hussite Reforms
85:23 Champion
SeçkinA.
0:27 Loom
11:06 Feudal Age
13:50 Double-Bit Axe
15:28 Gold Mining
22:32 Castle Age
20:33 Stone Mining
21:22 Gold Shaft Mining
25:29 Bow Saw
26:46 Stone Shaft Mining
27:17 Two-Man Saw
26:01 Horse Collar
27:05 Squires
26:51 Arson
33:29 Imperial Age
31:37 Wheelbarrow
31:13 Heavy Plow
32:38 Hand Cart
32:24 Murder Holes
32:26 Fletching
32:37 Scale Mail Armor
32:34 Treadmill Crane
33:09 Fortified Wall
33:59 Caravan
34:42 Burgundian Vineyards
34:59 Conscription
36:20 Chemistry
35:58 Ballistics
35:57 Chain Mail Armor
36:49 Crop Rotation
38:14 Town Watch
39:05 Plate Mail Armor
38:48 Forging
39:00 Town Patrol
39:03 Bodkin Arrow
46:08 Iron Casting
45:39 Scale Barding Armor
45:36 Bracer
45:04 Light Cavalry
45:46 Husbandry
46:52 Hussar
64:25 Blast Furnace
71:08 Chain Barding Armor
75:13 Padded Archer Armor
75:48 Crossbowman
76:49 Elite Skirmisher
78:19 Leather Archer Armor
79:01 Pikeman
Connection lost

Rejoining the realm…

Still unreachable

The connection could not be restored.

Session expired

The server has moved on; the page needs a fresh start.